Workbook

Sheet anexo 
B2: RELACIÓN COSTO ATENCIÓN CENTRO DE BIENESTAR DEL ANCIANO 2025
B3: (1) Periodo | C3: (2) Vr. Cupo Mes | D3: (3) Vr. Cupo día | E3: (4) No. Cupos Financiac. 100% | F3: (5) Vr. Total Cupos 100% | G3: (6) No. Cupos Aportes Familias | H3: (7) Vr. Total Aportes Familias | I3: (8) No. Cupos fracción días | J3: (9) No. Días o fracción mes | K3: atncion hospitalaria 1 hospitalizado y 48 acompañamientos | L3: CAPACITACIONES 1 | M3: (10) Vr. Total cupo fracción días | N3: (11) Total Pago Mes (5) - (7) + (10)
B4: ABRIL | C4: 2389303 | D4: 79643 | E4: 52 | F4: =+C4*E4 -> 124243756 | G4: 13 | H4: =+liquidacion!I57 -> 1560000 | I4: 0 | J4: 52 | K4: =+'atencion hospitalaria'!C6 -> 5203500 | L4: =+Hoja2!E9 -> 1300000 | M4: 0 | N4: =+F4-H4+K4+L4 -> 129187256

Sheet liquidacion
A1: USUARIOS MUNICIPIO ATENDIDOS MES DE MARZO 2025
A2: NO. | B2: NOMBRES Y APELLIDOS | C2: CC | D2: FECHA DE NACIMIENTO | E2: FECHA DE INGRESO
A3: 1 | B3: RESTREPO ESCOBAR ANA ROSALBA | C3: 39431207 | D3: 27 Julio de 1945 | E3: 23 de mayo de 2005
A4: 2 | B4: GIL GONZALEZ SOCORRO | C4: 21959864 | D4: 14 Julio de 1932 | E4: 23 de mayo de 2005
A5: 3 | B5: GARCIA BLANCA EDILMA | C5: 21962006 | D5: 06 Octubre de 1949 | E5: 19 de julio de 2007
A6: 4 | B6: CASTAÑEDA ORLANDO ANTONIO | C6: 3562373 | D6: 24 Septiembre de de 1946 | E6: 6 de junio de 2009
A7: 5 | B7: GONZALEZ ZAPATA JOSE DIONICIO | C7: 3495380 | D7: 24 Abril de 1947 | E7: 21 de agosto de 2009
A8: 6 | B8: CASTRO CASTAÑEDA MARIA MERCEDES | C8: 39182930 | D8: 27 Octubre de 1941 | E8: 18 de enero de 2011
A9: 7 | B9: FRANCO FRANCO JOSE JOAQUIN | C9: 3562552 | D9: 16 Noviembre de 1945 | E9: 23 de diciembre de 2012
A10: 8 | B10: PACHON VEGA CARLOS HUMBERTO | C10: 91175312 | D10: 17 Abril de 1951 | E10: 11 de mayo de 2012
A11: 9 | B11: CASTAÑO GARCIA EFRAIN DE JESUS | C11: 758570 | D11: 08 Octubre de 1937 | E11: 27 de Julio de 2013 | F11: 180000 | G11: 1 | H11: ABRIL | I11: 180000
A12: 10 | B12: OSORIO ORTIZ MARIA ELVIA | C12: 1036928656 | D12: 12 de Julio de 1942 | E12: 25 de maezo de 2015
A13: 11 | B13: MONTOYA SEPULVEDA CRUZ MARIA | C13: 3417508 | D13: 27 de julio de 1944 | E13: 28 de Febrero 2017
A14: 12 | B14: MEJIA ENRIQUETA | C14: 21958111 | D14: 16 de Septiembre 1931 | E14: 04 de Septiembre 2017
A15: 13 | B15: MARIN MONTOYA LUZ ELENA | C15: 1033647337 | D15: 21 de Noviembre de 1948 | E15: 09 DE OCTUBRE 2017
A16: 14 | B16: GUTIERREZ BETANCUR JAIME DE J | C16: 15421859 | D16: 20 de abril de 1954 | E16: 29 de mayo 2018
A17: 15 | B17: GONZALEZ CARMEN | C17: 343986819 | D17: 15 de diciembre de 1955 | E17: 11 de octubre de 2018
A18: 16 | B18: RAMIREZ JAIRO DE JESUS | C18: 15420338 | D18: 28 de noviembre de 1949 | E18: 21 de noviembre de 2018
A19: 17 | B19: MEJIA LOAIZA GERMAN | C19: 6529678 | D19: 28 de abril de 1950 | E19: 20 de diciembre 2018
A20: 18 | B20: SILVA ALVARO DE JESUS | C20: 15425221 | D20: 28 de mayo de 1948 | E20: 01 de febrero de 2019
A21: 19 | B21: LOPEZ GILBERTO | D21: INDOCUMENTADO | E21: 15 de marzo de 2019
A22: 20 | B22: RENDON RENDON JAVIER | C22: 70101798 | D22: 8 de mayo de 1956 | E22: 07 de mayo de 2019 | F22: 50000 | G22: 2 | H22: 0 | I22: 0 | J22: NUNCA HA PAGADO
A23: 21 | B23: SALAZAR ARROYAVE LUIS EMILIO | C23: 15422548 | D23: 31 de Julio 1951 | E23: 05 de agosto 2019
A24: 22 | B24: ARROYAVE RUIZ MARTHA LETICIA | C24: 21876832 | D24: 16 de diciembre de 1951 | E24: 24 de septiembre de 2019
A25: 23 | B25: MEJIA GONZALEZ MIRIAM | C25: 21339573 | D25: 20 de enero de 1940 | E25: 23 de diciembre de 2019
A26: 24 | B26: PALACIO CASTAÑEDA ELICEO | C26: 3436752 | D26: 18665 | E26: 44090
A27: 25 | B27: VILLA GUTIERREZ CARLOS ALFONSO | C27: 19147299 | D27: 18630 | E27: 19 de noviembre de 2020
A28: 26 | B28: FLOREZ RENDON FABIO DE JESUS | C28: 3560877 | D28: 15659 | E28: 44392
A29: 27 | B29: JOSE ANTONIO EUSSE SLAZAR | C29: 3562784 | D29: 17251 | E29: 44704
A30: 28 | B30: MOLINA CAMERO RAFAELA | C30: 1017163254 | D30: 1 de febrero de 1946 | E30: 16 de junio de 2022
A31: 29 | B31: RIVERA AGUIRRE JUAN ANTONIO | C31: 6272258 | D31: 20 de enero 1950 | E31: 44832
A32: 30 | B32: CARDENAS MARTINEZ ROSALBA | C32: 22099155 | D32: 15823 | E32: 45019 | F32: 120000 | G32: 3 | H32: DICIEMBRE - ENER -FEBRE ABONO 30 AMARZO | I32: 390000
A33: 31 | B33: PELAEZ RIOS MANUEL JAIRO | C33: 15420297 | D33: 18231 | E33: 45076
A34: 32 | B34: SALDARRIAGA DE FLORES ALBERTO DE JESUS | C34: 8275679 | D34: 45103 | E34: 17060
A35: 33 | B35: ACEVEDO DE ARIAS MARIA OLIVIA | C35: 39436647 | D35: 45107 | E35: 13819 | F35: 60000 | G35: 4 | H35: JUL AG SEP OC 24 | I35: 0
A36: 34 | B36: CASTRILLON NOHEMY FABIOLA | C36: 39442921 | D36: 13063 | E36: 45223
A37: 35 | B37: ELVIA YEPES BORJA | C37: 32077629 | D37: 15717 | E37: 45267 | F37: 877000 | G37: 5 | H37: PASO CON MORA | I37: 0
A38: 36 | B38: OTALVARO GARCIA DARIO DE JESUS | C38: 15424193 | D38: 45301 | E38: 45301 | F38: 200000 | G38: 6 | H38: ENERO- FEB MAR ABRIL | I38: 800000
A39: 37 | B39: BLANCO VELEZ GLORIA STELLA | C39: 32437346 | D39: 17762 | E39: 45351
A40: 38 | B40: CHAVERRA JOSE ANTONIO | C40: 70251226 | D40: 12 DE DICIEMBRE DE 1958 | E40: 23 DE MARZO DE 2024
A41: 39 | B41: ROJAS TERAN GABRIEL FERNANDO | C41: 19200704 | D41: 24 DE ABRIL 1953 | E41: 45384
A42: 40 | B42: LOPERA CARLOS ALBERTO | C42: 15427781 | D42: 22905 | E42: 45419
A43: 41 | B43: ZAPATA ORLANDO | C43: 4450144 | D43: 19603 | E43: 45413
A44: 42 | B44: MIRANDA SUESCUN MARIA DELLANIRA | C44: 21111972 | D44: 07 DE JUNIO 1933 | E44: 45589
A45: 43 | B45: FLOREZ OSORIO EMILIA | C45: 43456431 | D45: 11255 | E45: 45622 | F45: 150000 | G45: 7 | H45: MARZO | I45: 0
A46: 44 | B46: MARIA DEL CARMEN GIRALDO GAVIRIA | C46: 21963129 | D46: 18434 | E46: 45671 | F46: 300000 | G46: 8 | H46: MARAZO | I46: 300000
A47: 45 | B47: ECHEVERRY CARBAJAL CARMEN TULIA | C47: 22049485 | D47: 11517 | E47: 45694 | F47: 150000 | G47: 9 | H47: ABRIL | I47: 150000
A48: 46 | B48: HENAO ZAPATA RUBEN ARCANGEL | C48: 3523108 | D48: 21 DE JULIO DE 1954 | E48: 3 DE ABRIL DE 2025
A49: 47 | B49: CASTAÑEDA ALZATE JAVIER IGNACIO | C49: 15429383 | D49: 09 DE ENERO DE 1965 | E49: 45853
A50: 48 | B50: CASTAÑEDA ALZATE MARTHA LUCIA | C50: 39431185 | D50: 21193 | E50: 45917 | F50: 100000 | G50: 10 | I50: 0 | J50: NUNCA HA PAGADO
A51: 49 | B51: ECHEVERRY ECHEVERRY GABRIEL | C51: 714152 | D51: 13713 | E51: 45931 | F51: 690000 | G51: 11 | H51: MARZO SALDO 5332 Y ANTICIPO DE 158 ABRIL | I51: 690000
A52: 50 | B52: URIEL DE JESUS JARAMILLO PUERTA | C52: 15422589 | D52: 18361 | E52: 46049 | K52: 848 | L52: =+K52-I51 -> -689152
A53: 51 | B53: JAIME DE JESUS QUINTERO LOAIZA | C53: 70300074 | D53: 18887 | E53: 27DE ENERO DE 2026 | F53: 100000 | G53: 12 | J53: a partir de nenero
A54: 52 | B54: MIGUEL ANGEL GIL SIERRA | C54: 3445192 | D54: 16785 | E54: 46049 | F54: 550000 | G54: 13 | J54: enero
I55: =SUM(I2:I54) -> 2510000 | J55: SE TOMA 1,000,000
I56: -950000
B57: ABRIL | D57: COSTO MES | I57: =+I55+I56 -> 1560000
B58: COSTO DIA | C58: =+D58/30 -> 79643.433 | D58: 2389303
B59: % APORTE MUNICIPIO | C59: CUPOS | D59: VALOR A PAGAR
D60: (Valor cupo $2.389.303)
B61: Aporte del 100% COBRO DE 30 DIAS X38 USUARIOS = 907935147 | C61: 38 | D61: =+D58*C61 -> 90793514
B62: fallecida - 1 Enriqueta mejia 30 dias | C62: 1 | D62: =+D58 -> 2389303
B63: CON APORTE 13 PERSONAS (13*2389303= 31.060.939 -1.560.000=29.500.939 | C63: 13 | D63: =+D58*C63-I57 -> 29500939
C64: VER CARPETA ANEXA CON SOPORTES | D64: =+'atencion hospitalaria'!C6 -> 5203500
B65: FORMACION | D65: 1300000
B66: TOTAL | C66: =SUM(C61:C64) -> 52 | D66: =SUM(D61:D65) -> 129187256
B68: FALLECIMIENTOS
A69: 30 | B69: MEJIA ENRIQUETA | C69: 21958111
J79: =+J79:J80 -> 0

Sheet atencion hospitalaria
B2: PLANILLAS DE COSTOS DE CUIDADORAS Y ACOMPAÑAMEINTOS
B3: PLANILLA 1 HOSPITALIZACION Elvia Yepez Proceso de neumonia | C3: 1916000
B4: PLANILA 2 AHOSPITALIZACION Carlos Pachon Neumonia | C4: 1301500
B5: PLANILLA 3 19 ASISTENCIAS a citas medicas | C5: 1986000
C6: =SUM(C3:C5) -> 5203500

Sheet Hoja2
B2: ABONOS DIAS NO CUBIERTOS
B3: dias adeudados | C3: costo por usuario | D3: VALOR TOTAL COFINANCIOACION | E3: TOMAMOS PARA ABONO | F3: total deuday saldo
B4: 5 | C4: 2389303 | E4: 55 | F4: =+(E4*C4/30)*5 -> 21901944
B5: ENERO | C5: Cofinanciacion familiares | E5: 2000000 | F5: =+F4-E5 -> 19901944
B6: FEBRERO | C6: COOFINANCIACION | D6: =+liquidacion!I55 -> 2510000 | E6: 1000000 | F6: =+F5-E6 -> 18901944
C7: CAPACITACION | E7: 750000 | F7: =+F6-E7 -> 18151944
B8: MARZO | C8: COFINANACIACION | E8: 1500000 | F8: =+F7-E8 -> 16651944
C9: CAPACITACION | E9: 1300000 | F9: =+F8-E9 -> 15351944
B10: ABRIL | C10: COFINANACIACION | E10: 950000 | F10: =+F9-E10 -> 14401944
C11: CAPACITACION | E11: 1300000 | F11: =+F10-E11 -> 13101944
B12: MAYO | C12: COFINANACIACION | F12: =+F11-E12 -> 13101944
C13: CAPACITACION | F13: =+F12-E13 -> 13101944
B14: JUNIO | C14: COFINANACIACION | F14: =+F13-E14 -> 13101944
C15: CAPACITACION | F15: =+F14-E15 -> 13101944
B16: JULIO | C16: COFINANACIACION | F16: =+F15-E16 -> 13101944
C17: CAPACITACION | F17: =+F16-E17 -> 13101944
B18: AGOSTO | C18: COFINANACIACION
C19: CAPACITACION
B20: SSEPTIEMBRE | C20: COFINANACIACION
C21: CAPACITACION
B22: OCTUBRE | C22: COFINANACIACION
C23: CAPACITACION
E25: =SUM(E5:E24) -> 8800000 | F25: =+F4-E25 -> 13101944
